 Dungeon Crawl Stone Soup version 0.31-a0-965-g8a8ce12e04 (webtiles) character file.

Game seed: 12868928659706808225

600 Maxmaps the Ducker (level 7, -1/64 HPs)
             Began as an Octopode Shapeshifter on Oct 27, 2023.
             Slain by a gnoll
             ... wielding a +0 spear
             ... led by a gnoll bouda
              (10 damage)
             ... on level 4 of the Dungeon.
             The game lasted 00:07:32 (3880 turns).

Maxmaps the Ducker (Octopode Shapeshifter)          Turns: 3880, Time: 00:07:32

Health: -1/64      AC:  1    Str: 13      XL:     7   Next: 41%
Magic:  0/7        EV: 14    Int: 12 (15) God:
Gold:   1536       SH:  0    Dex: 10 (11) Spells: 6/6 levels left

rFire   . . .        q - +5 dagger of Theory {freeze, rPois}
rCold   . . .        (no shield)
rNeg    . . .        (helmet currently unavailable)
rPois   +            n - amulet of guardian spirit
rElec   .            (no ring)
rCorr   .            (no ring)
SInv    .            (no ring)
Will    .....        (no ring) Stlth
                     (no ring)
HPRegen 0.30/turn    (no ring)
MPRegen 0.10/turn    (no ring)
                     (no ring)

%: guardian spirit
@: berserking, beast-form, very quick
A: beast (slay +2), almost no armour, amphibious, 8 rings, camouflage 1,
gelatinous body 1, (nimble swimmer 1), tentacles
a: Begin Untransformation


You were on level 4 of the Dungeon.
You were a hulking beast.
You visited 1 branch of the dungeon, and saw 4 of its levels.
You also visited: Sewer.

You collected 1822 gold pieces.
You spent 286 gold pieces at shops.

Inventory:

Hand Weapons
 q - the +5 dagger of Theory (weapon) {freeze, rPois}
   (You found it on level 3 of the Dungeon)

   rPois:     It protects you from poison
Missiles
 m - 3 throwing nets
Jewellery
 n - an amulet of guardian spirit (around mantle)
Talismans
 b - a beast talisman
 c - a flux talisman
 p - a maw talisman
 w - a granite talisman
Wands
 l - a wand of polymorph (9)
 t - a wand of flame (18)
Scrolls
 e - 3 scrolls of vulnerability
 f - 2 scrolls of fear
 g - a scroll of enchant weapon
Potions
 d - 5 potions of curing
 h - a potion of heal wounds
 j - 2 potions of might
 k - 5 potions of brilliance
 o - a potion of invisibility
 r - a potion of haste {unknown}


   Skills:
 - Level 1.0 Fighting
 - Level 3.0 Short Blades
 + Level 5.3 Dodging
 - Level 4.2 Stealth
 - Level 3.0 Unarmed Combat
 - Level 4.4 Shapeshifting


You had 6 spell levels left.
You didn't know any spells.
Your spell library contained the following spells:

 Spells                   Type           Power      Damage    Failure   Level
 Lesser Beckoning         Tloc           0%         N/A       45%         2
 Sublimation of Blood     Necr           0%         N/A       45%         2
 Wereblood                Tmut           0%         N/A       45%         2
 Gell's Gravitas          Tloc           0%         N/A       69%         3
 Ignite Poison            Fire/Tmut/Pois 0%         N/A       69%         3
 Teleport Other           Tloc           0%         N/A       69%         3
 Sticky Flame             Conj/Fire      0%         2d3       97%         4
 Simulacrum               Ice/Necr       0%         N/A       100%        6
 Ozocubu's Refrigeration  Ice            0%         4d7       100%        7
 Summon Hydra             Summ           0%         N/A       100%        7
 Ignition                 Fire           0%         3d3       100%        8
 Polar Vortex             Ice            0%         N/A       100%        9


Dungeon Overview and Level Annotations

Branches:
Dungeon (4/15)              Sewer (visited)
 Temple: D:4-7

Altars:
Nemelex Xobeh

Shops:
D:2 !?*:


Innate Abilities, Weirdness & Mutations

You are a hulking beast.
Your limbs bulge with bestial killing power. (Slay +2)
You cannot wear most types of armour.
You are amphibious.
You can wear up to eight rings at the same time.
Your skin changes colour to match your surroundings (Stealth+).
Your rubbery body absorbs attacks. (AC +1, EV +1)
((You are camouflaged when in or above water. (Stealth+)))
You have tentacles for arms and can constrict up to eight enemies at once.


Message History

You hit the gnoll. You freeze the gnoll. You grab the gnoll.
You tentacle-slap the gnoll.
The gnoll is severely wounded.
You constrict the gnoll. The gnoll misses you.
You puncture the gnoll! You freeze the gnoll.
You kill the gnoll!
The gnoll hits you from afar with a +0 spear.
Things that are here:
a +0 spear; a gnoll corpse You hit the gnoll bouda but do no damage.
You grab the gnoll bouda.
You constrict the gnoll bouda, but do no damage.
The gnoll completely misses you.
The gnoll bouda hits you with a +0 club!
The gnoll misses you.
You hit the gnoll bouda. You freeze the gnoll bouda.
You squeeze the gnoll bouda!
The gnoll bouda is severely wounded.
You constrict the gnoll bouda, but do no damage.
The gnoll hits you with a +0 club. The gnoll closely misses you.
The gnoll bouda hits you with a +0 club!
* * * LOW HITPOINT WARNING * * *
You feel much better.
You constrict the gnoll bouda. The gnoll misses you.
The gnoll hits you from afar with a +0 spear!
The gnoll bouda hits you with a +0 club.
A red film seems to cover your vision as you go berserk!
You feel yourself moving faster!
You feel mighty!
You constrict the gnoll bouda, but do no damage.
The gnoll hits you with a +0 club.
The gnoll hits you from afar with a +0 spear.
* * * LOW HITPOINT WARNING * * *
The gnoll bouda hits you with a +0 club!
* * * LOW HITPOINT WARNING * * *
You puncture the gnoll bouda! You freeze the gnoll bouda.
You kill the gnoll bouda!
The gnoll barely misses you.
You feel your strength returning.
You barely miss the gnoll. You grab the gnoll. You constrict the gnoll.
The gnoll hits you from afar with a +0 spear!
You die...

#.................#.#...#.
#.................+.#.....
#.................###..##.
#.........................
####'##..[...............)
#.......................
#....#..........#####...
#....#..........#***#..#
#....#.hg........,,....*
#....#.#Sg.......,,..#,*
*#......#.†.......,,..,,*
#.......#..)......,,,,,,*
#.......#.........,,,,,,*
#.................,,,,,,*
#.................,,,,,,*
#....>............,,,,,,*
#.........<..####.,,,,,,*


You could see 2 gnolls and a ball python.

Vanquished Creatures
  A black bear (D:3)
  2 bullfrogs (Sewer)
  A hound (D:4)
  A gnoll bouda (D:4)
  Jessica (D:2)
  9 adders
  2 gnolls
  7 river rats (Sewer)
  A worm (D:3)
  5 dart slugs
  4 orcs (D:3)
  5 endoplasms
  10 giant cockroaches
  12 goblins
  5 hobgoblins
  2 jackals (D:1)
  4 quokkas
  17 ball pythons
  3 bats
  7 frilled lizards
  5 kobolds
  25 rats
129 creatures vanquished.

Notes
Turn   | Place    | Note
-------+----------+-------------------------------------------
     0 | D:1      | Maxmaps the Octopode Shapeshifter began the quest for the
                  | Orb.
     0 | D:1      | Reached XP level 1. HP: 13/13 MP: 1/1
    40 | D:1      | Reached skill level 1 in Stealth
   123 | D:1      | Reached XP level 2. HP: 17/18 MP: 2/2
   436 | D:1      | Reached XP level 3. HP: 23/23 MP: 3/3
   833 | D:2      | Noticed Jessica
   854 | D:2      | Killed Jessica
   855 | D:2      | Reached XP level 4. HP: 21/28 MP: 4/4
   882 | D:2      | Found Nionose's Assorted Antiques.
   890 | D:2      | Bought a scroll labelled COFISK GUSCHUMN for 20 gold pieces
   894 | D:2      | Identified a scroll of acquirement
   894 | D:2      | Acquired 695 gold pieces
   939 | D:2      | Identified the +5 sling of Qugofrac {drain, rElec rC+}
   962 | D:2      | Found Yloupaph's Magic Scroll Emporium.
  1044 | D:2      | Found Timuamp's Distillery.
  1047 | D:2      | Bought 2 potions of heal wounds for 140 gold pieces
  1047 | D:2      | Bought a potion of berserk rage for 70 gold pieces
  1047 | D:2      | Bought a potion of might for 56 gold pieces
  1324 | D:2      | Found Rap Palask's Book Boutique.
  1862 | D:3      | Reached XP level 5. HP: 33/33 MP: 5/5
  2003 | D:3      | Identified the +5 dagger of Theory {freeze, rPois}
  2270 | D:3      | Noticed a black bear
  2276 | D:3      | Killed a black bear
  2277 | D:3      | Reached XP level 6. HP: 17/38 MP: 2/6
  3053 | D:4      | Found a sparkling altar of Nemelex Xobeh.
  3110 | D:4      | Found a glowing drain.
  3160 | Sewer    | Entered a sewer
  3237 | Sewer    | Reached skill level 3 in Dodging
  3467 | Sewer    | Acquired 950 gold pieces
  3512 | Sewer    | Reached skill level 4 in Dodging
  3512 | Sewer    | Reached XP level 7. HP: 41/43 MP: 2/7
  3865 | D:4      | Reached skill level 5 in Dodging
  3880 | D:4      | Slain by a gnoll

Illustrated notes

Levels and vault maps discovered:
D:1:      dpeg_arrival_lava_temple_mockup, layout_basic, serial_glass,
          glass_columns_a, glass_columns_b, glass_columns_b, glass_columns_a,
          glass_columns_a, glass_columns_b, glass_columns_a, glass_columns_a
D:2:      layout_basic, serial_shops, nicolae_shop_tiny_waterfront,
          nicolae_shop_trees, shop, nicolae_shop_gibbet_a_chance,
          amethyst_killhole, kennysheep_cross_bottleneck, st_stairs_4,
          kennysheep_big_empty_room, minmay_close_crescents, uniq_jessica
D:3:      layout_basic, chequers_serial_rivers_micro_e, grunt_ministairs_4
D:4:      kennysheep_goblin_castle, layout_basic, nemelex_altar_shiori,
          lemuel_doored_altar, gup_sewer_entry_glass,
          chequers_serial_rivers_micro_e

Skill      XL: |  1  2  3  4  5  6  7 |
---------------+----------------------+-----
Stealth        | 2 3 4 |  4.2
Shapeshifting  | 4 |  4.4
Short Blades   | 2 3 |  3.0
Dodging        | 4 5 |  5.3
Fighting       | |  1.0
Unarmed Combat | |  3.0

Action                     |  1- 3 |  4- 6 |  7- 9 || total
---------------------------+-------+-------+-------++-------
  Melee: Unarmed           |    50 |    47 |       ||    97
         Constrict         |    11 |    28 |     3 ||    42
         Tentacles         |     9 |    17 |     1 ||    27
         Punch             |     3 |     2 |     1 ||     6
         Dagger            |       |   109 |    16 ||   125
    Use: Scroll            |       |    12 |     2 ||    14
         Potion            |       |     6 |     2 ||     8
   Stab: Sleeping          |     8 |    20 |       ||    28
 Armour: Skin              |    17 |   133 |    28 ||   178
  Dodge: Dodged            |    15 |    91 |     8 ||   114

Table legend: (Time is in decaauts)
 A = Elapsed time spent in this place.
 B = Non-inter-level travel time spent in this place.
 C = Inter-level travel time spent in this place.
 D = Time resting spent in this place.
 E = Time spent auto-exploring this place.
 F = Levels seen in this place.
 G = Mean time per level.
                   A        B        C        D        E       F      G
               +--------+--------+--------+--------+--------+-----+--------+
         Total |   3854 |   3663 |    191 |    319 |   2472 |   5 |  770.8 |
       Dungeon |   3316 |   3125 |    191 |    184 |   2284 |   4 |  829.0 |
         Sewer |    538 |    538 |      0 |    135 |    188 |   1 |  538.0 |
               +--------+--------+--------+--------+--------+-----+--------+

Top non-repeatable levels by time:
     D:3: 1156 daAuts
     D:2: 1080 daAuts
     D:1: 727 daAuts
   Sewer: 538 daAuts
     D:4: 351 daAuts
